 Dungeon Crawl Stone Soup version 0.22.1-2-g9c5b331 (webtiles) character file.

16 tidbits the Caller (level 2, -3/20 HPs)
             Began as a Gnoll Summoner on Dec 5, 2018.
             Slain by an orc
             ... wielding a +0 hand axe
              (8 damage)
             ... on level 3 of the Dungeon.
             The game lasted 00:03:30 (413 turns).

tidbits the Caller (Gnoll Summoner)                  Turns: 413, Time: 00:03:30

Health: -3/20      AC:  2    Str: 12    XL:     2   Next: 58%
Magic:  2/7        EV: 14    Int: 17    God:
Gold:   58         SH:  0    Dex: 15    Spells: 7/10 levels left

rFire    . . .     SeeInvis .   b - +0 spear
rCold    . . .     Gourm    .   (no shield)
rNeg     . . .     Faith    .   d - +0 robe
rPois    .         Spirit   .   (no helmet)
rElec    .         Reflect  .   (no cloak)
rCorr    .         Harm     .   (no gloves)
MR       .....                  (no boots)
Stlth    +++.......             (no amulet)
HPRegen  0.06/turn              l - +2 ring of strength
MPRegen  0.10/turn              (no ring)

@: no status effects
A: distributed training, fangs 1, strong nose
a: no special abilities


You were on level 3 of the Dungeon.
You were full.

You visited 1 branch of the dungeon, and saw 3 of its levels.

You collected 58 gold pieces.

Inventory:

Hand Weapons
 a - a +0 dagger
 b - a +0 spear (weapon)
 i - a +0 war axe
 o - a +0 short sword
Armour
 d - a +0 robe (worn)
 j - a +0 ring mail
Jewellery
 l - a +2 ring of strength (left hand)
   (You found it on level 3 of the Dungeon)
Wands
 n - a wand of iceblast (7)
Scrolls
 e - 2 scrolls of remove curse {unknown}
 g - 2 scrolls of identify {unknown}
 h - a scroll of noise {unknown}
 m - a scroll of teleportation {unknown}
Potions
 f - a potion of brilliance {unknown}
 k - a potion of heal wounds {unknown}
Comestibles
 c - 3 rations


   Skills:
 + Level 0.4 Fighting
 + Level 0.4 Short Blades
 + Level 0.4 Long Blades
 + Level 0.4 Axes
 + Level 0.4 Maces & Flails
 + Level 0.4 Polearms
 + Level 0.4 Staves
 + Level 0.4 Slings
 + Level 0.4 Bows
 + Level 0.4 Crossbows
 + Level 0.4 Throwing
 + Level 0.4 Armour
 + Level 4.5 Dodging
 + Level 4.1 Stealth
 + Level 0.4 Shields
 + Level 0.4 Unarmed Combat
 + Level 4.9 Spellcasting
 + Level 0.2 Conjurations
 + Level 0.2 Hexes
 + Level 0.2 Charms
 + Level 7.0 Summonings
 + Level 0.2 Necromancy
 + Level 0.2 Translocations
 + Level 0.2 Transmutations
 + Level 0.2 Fire Magic
 + Level 0.2 Ice Magic
 + Level 0.2 Air Magic
 + Level 0.2 Earth Magic
 + Level 0.2 Poison Magic
 + Level 0.5 Invocations
 + Level 0.4 Evocations


You had 7 spell levels left.
You knew the following spells:

 Your Spells              Type           Power        Failure   Level  Hunger
a - Summon Small Mammal   Summ           ####         1%          1    None
i - Call Imp              Summ           ####....     1%          2    #......

Your spell library contained the following spells:

 Spells                   Type           Power        Failure   Level  Hunger
 Call Canine Familiar     Summ           ####....     2%          3    ###....
 Summon Guardian Golem    Hex/Summ       ###.....     10%         3    ###....
 Summon Ice Beast         Ice/Summ       ###.....     30%         4    ####...
 Summon Lightning Spire   Summ/Air       ###.....     30%         4    ####...


Dungeon Overview and Level Annotations

Branches:
Dungeon (3/15)

Altars:
Ru


Innate Abilities, Weirdness & Mutations

Your experience applies equally to all skills.
You have very sharp teeth.
Your uncanny sense of smell can sniff out nearby items.


Message History

Confirm with . or Enter, or press ? or * to list all spells.
Your quokka closely misses the orc.
The orc closely misses your quokka.
Your quokka disappears in a puff of smoke!
You hit the orc but do no damage. You bite the orc, but do no damage.
The orc is lightly wounded.
The bat closely misses you. The orc barely misses you.
The orc closely misses your quokka.
Your quokka bites the orc but does no damage.
Press: ? - help, v - describe, . - travel
Here: an orc, wielding a hand axe and wearing a ring mail (lightly wounded)
The floor.
Casting: Summon Small Mammal (safe; 1% risk of failure)
Confirm with . or Enter, or press ? or * to list all spells.
The bat hits your quokka but does no damage.
The bat barely misses your quokka. The orc closely misses you.
The orc hits your quokka with a hand axe.
Your quokka closely misses the orc.
The bat hits you but does no damage.
Your quokka barely misses the orc.
The orc completely misses you. The orc closely misses your quokka.
Your quokka bites the orc but does no damage.
Your rat closely misses the orc.
You hit the orc but do no damage.
The orc is lightly wounded.
The bat hits your rat but does no damage.
Your quokka bites the orc.
The bat closely misses your rat. The orc closely misses you.
The orc hits your quokka with a hand axe.
Your quokka dies!
Your quokka's corpse disappears in a puff of smoke!
The orc misses your rat.
Your rat completely misses the bat.
The bat hits your rat but does no damage.
You hit the orc but do no damage.
The orc is moderately wounded.
The bat hits your rat but does no damage.
The bat hits your rat. The orc hits you with a hand axe.
The orc hits your rat with a hand axe.
Your rat dies!
Your rat's corpse disappears in a puff of smoke!
The bat misses you.
Casting: Summon Small Mammal (safe; 1% risk of failure)
Confirm with . or Enter, or press ? or * to list all spells.
The bat closely misses your rat. The orc hits your rat with a hand axe.
Your rat dies!
Your rat's corpse disappears in a puff of smoke!
Casting: Summon Small Mammal (safe; 1% risk of failure)
Confirm with . or Enter, or press ? or * to list all spells.
The orc closely misses you. The orc hits you with a hand axe.
* * * LOW HITPOINT WARNING * * *
You swap places.
Your quokka misses the orc.
Casting: Summon Small Mammal (safe; 1% risk of failure)
Confirm with . or Enter, or press ? or * to list all spells.
The orc hits your quokka but does no damage.
Your quokka barely misses the orc.
Your quokka closely misses the orc.
The orc hits your quokka with a hand axe!
Your quokka dies!
Your quokka's corpse disappears in a puff of smoke!
You swap places.
Your bat hits the orc but does no damage.
The orc hits your bat with a hand axe.
Casting: Summon Small Mammal (safe; 1% risk of failure)
Confirm with . or Enter, or press ? or * to list all spells.
Your bat closely misses the orc.
The orc hits your bat with a hand axe.
Your bat dies!
Your bat's corpse disappears in a puff of smoke!
Casting: Summon Small Mammal (safe; 1% risk of failure)
Confirm with . or Enter, or press ? or * to list all spells.
The orc closely misses you.
You swap places.
Your bat hits the orc but does no damage.
The orc closely misses your bat.
Your bat hits the orc but does no damage.
Your bat hits the orc but does no damage.
Your rat barely misses the orc.
Wield which item (- for none, * to show all)? (? for menu, Esc to quit)
b - a +0 spear (weapon)
Attack whom?
Press: ? - help, Dir - move target cursor, f - orc
Aim: an orc, wielding a hand axe and wearing a ring mail (lightly wounded)
You could not reach far enough!
Your bat barely misses the orc. x2
Your rat barely misses the orc.
You hit the orc.
The orc is severely wounded.
The bat barely misses your rat.
Your bat hits the orc but does no damage.
The bat barely misses your rat.
Your bat hits the orc but does no damage.
The bat misses your rat. The orc hits you with a hand axe.
* * * LOW HITPOINT WARNING * * *
The orc hits your bat with a hand axe.
Your bat dies!
Your bat's corpse disappears in a puff of smoke!
The orc barely misses your rat.
Your rat bites the orc.
You hit the orc but do no damage.
The orc is almost dead.
The bat closely misses your rat. The bat hits your rat.
The bat barely misses your rat.
Your rat barely misses the bat.
The orc hits you with a hand axe!
You die...

#.##.# ....# #.##.#
#...#
#.##.############..#
#.##...............#
#.################.#
##. #.#
#.....######.###[....
######.#
#§rb..........# ∆
.......#
#.o####..####....
######## #@## #..# .
#.....# #..# ###....
#..# #..### #..# #..
...# #.. #.## ##. #.
..


You could see an orc, a bat and a friendly rat.

Vanquished Creatures
  A dart slug (D:2)
  A leopard gecko (D:2)
  An orc (D:3)
  A bat (D:2)
  2 hobgoblins
  A frilled lizard (D:1)
  2 kobolds
9 creatures vanquished.

Vanquished Creatures (collateral kills)
  A giant cockroach (D:3)
  2 goblins (D:3)
  A kobold (D:1)
  A rat (D:1)
5 creatures vanquished.

Grand Total: 14 creatures vanquished

Notes
Turn   | Place    | Note
-------+----------+-------------------------------------------
     0 | D:1      | tidbits the Gnoll Summoner began the quest for the Orb.
     0 | D:1      | Reached XP level 1. HP: 13/13 MP: 6/6
   203 | D:2      | Reached XP level 2. HP: 11/19 MP: 4/7
   207 | D:2      | Learned a level 2 spell: Call Imp
   297 | D:3      | Found a sacrificial altar of Ru.
   413 | D:3      | Slain by an orc

Action                   || total
-------------------------++-------
Melee: Short sword       ||    19
       Dagger            ||     4
       Spear             ||     2
       Bite              ||     1
 Cast: Summon Small Mamm ||    21
 Stab: Sleeping          ||     3
  Eat: Ration            ||     1
Armor: Robe              ||     1
Dodge: Dodged            ||    21

Table legend:
 A = Turns spent in this place as a percentage of turns spent in the entire game.
 B = Non-inter-level travel turns spent in this place as a percentage of non-inter-level travel turns spent in the entire game.
 C = Inter-level travel turns spent in this place as a percentage of turns spent in this place.
 D = Turns resting spent in this place as a percentage of non-inter-level travel turns spent in this place.
 E = Turns spent auto-exploring this place as a percentage of non-inter-level travel turns spent in this place.
 F = Non-inter-level travel turns spent in this place divided by the number of levels of this place that you've seen.
                   A       B       C       D       E      F
               +-------+-------+-------+-------+-------+----------------------
         Total | 100.0 | 100.0 |   0.0 |   0.0 |   0.0 | 137.7
       Dungeon | 100.0 | 100.0 |   0.0 |   0.0 |   0.0 | 137.7
               +-------+-------+-------+-------+-------+----------------------

Table legend:
 A = Kills in this place as a percentage of kills in entire the game.
 B = Kills by you in this place as a percentage of kills by you in the entire game.
 C = Kills by friends in this place as a percentage of kills by friends in the entire game.
 D = Other kills in this place as a percentage of other kills in the entire game.
 E = Experience gained in this place as a percentage of experience gained in the entire game.
 F = Experience gained in this place divided by the number of levels of this place that you have seen.
                   A       B       C       D       E      F
               +-------+-------+-------+-------+-------+----------------------
         Total | 100.0 | 100.0 | 100.0 |   N/A | 100.0 |   8.0
       Dungeon | 100.0 | 100.0 | 100.0 |   N/A | 100.0 |   8.0
               +-------+-------+-------+-------+-------+----------------------

Vault maps used:
D:1:      dpeg_arrival_solitude
D:2:      fedhas_altar_1
D:3:      lemuel_doored_altar, first_ration, uniq_grinder
